 Dungeon Crawl Stone Soup version 0.26-a0-58-g79b31b8662 (webtiles) character file.

Game seed: 17726066746603978177

47718 Ozzies the Warrior (level 14, -14/146 HPs)
             Began as a Minotaur Berserker on June 8, 2020.
             Was a High Priest of Trog.
             Killed from afar by a tengu reaver (20 damage)
             ... with a bolt of magma
             ... on level 3 of the Abyss.
             The game lasted 00:59:02 (20397 turns).

Ozzies the Warrior (Minotaur Berserker)            Turns: 20397, Time: 00:59:03

Health: -14/146    AC: 28    Str: 28    XL:     14   Next: 9%
Magic:  13/13      EV:  9    Int:  1    God:    Trog [*****.]
Gold:   1466       SH:  5    Dex: 14    Spells: 13/13 levels left

rFire    + . .     SeeInvis .   r - +2 battleaxe "Zyeza" {flame, MR+++}
rCold    + + .     Gourm    .   (shield currently unavailable)
rNeg     . . .     Faith    .   b - +8 plate armour of Elyvilon's Whim {rC+++ Int-3 Dex+5 Stlth+}
rPois    +         Spirit   .   (helmet restricted)
rElec    .         Reflect  +   H - +2 cloak
rCorr    .         Harm     .   (no gloves)
MR       ++++.                  s - +1 pair of boots
Stlth    ..........             x - amulet of reflection
HPRegen  0.34/turn              a - ring of poison resistance
MPRegen  0.13/turn              B - ring of fire

@: about to teleport, hasted, very quick
A: retaliatory headbutt, horns 2
a: Berserk, Trog's Hand, Brothers in Arms, Renounce Religion


You were on level 3 of the Abyss.
You worshipped Trog.
Trog was extremely pleased with you.
You were not hungry.

You visited 3 branches of the dungeon, and saw 18 of its levels.
You visited the Abyss 1 time.
You also visited: Sewer.

You collected 1860 gold pieces.
You spent 394 gold pieces at shops.

Inventory:

Hand Weapons
 r - the +2 battleaxe "Zyeza" (weapon) {flame, MR+++}
   (Trog gifted it to you on level 9 of the Dungeon)

   It has been specially enchanted to burn those struck by it, causing extra
   injury to most foes and up to half again as much damage against particularly
   susceptible opponents.
   Big, fiery blades are also staple armaments of hydra-hunters.
   It affects your resistance to hostile enchantments.
 t - a +5 battleaxe of flaming
 v - a +1 triple sword of flaming
 C - a +0 broad axe of venom
 R - the +3 battleaxe "Death Rattle" {antimagic, rElec Str+3}
   (Trog gifted it to you on level 10 of the Dungeon)

   It reduces the magical energy of the wielder, and disrupts the spells and
   magical abilities of those hit.
   Natural abilities and divine invocations are not affected.
   It affects your strength (+3).
   It insulates you from electricity.
 Y - a +0 broad axe of freezing
Armour
 b - the +8 plate armour of Elyvilon's Whim (worn) {rC+++ Int-3 Dex+5 Stlth+}
   (You found it on level 7 of the Dungeon)

   It affects your intelligence (-3).
   It affects your dexterity (+5).
   It renders you almost immune to cold.
   It makes you more stealthy.
 s - a +1 pair of boots (worn)
 H - a +2 cloak (worn)
 W - a +0 kite shield
Jewellery
 a - a ring of poison resistance (left hand)
 p - an uncursed amulet of the acrobat
 x - an amulet of reflection (around neck)
 B - a ring of fire (right hand)
Wands
 m - a wand of paralysis (12)
 w - a wand of clouds (10)
 L - a wand of disintegration (12)
 P - a wand of flame (36)
 T - a wand of enslavement (7)
Scrolls
 d - a scroll of blinking {unknown}
 f - 6 scrolls of remove curse
 g - 7 scrolls of identify
 i - 5 scrolls of fog
 k - 9 scrolls of teleportation
 n - 3 scrolls of enchant armour
 o - 4 scrolls of enchant weapon
 u - a scroll of fear
 Q - a scroll of magic mapping
 U - a scroll of immolation {unknown}
Potions
 e - 8 potions of curing
 h - 4 potions of lignification
 j - 3 potions of stabbing
 q - 2 potions of haste
 A - a potion of ambrosia
 E - 3 potions of flight
 F - 3 potions of might
 M - 2 potions of magic
 S - a potion of invisibility {unknown}
 X - a potion of cancellation {unknown}
Comestibles
 c - 17 rations


   Skills:
 * Level 19.0 Fighting
 + Level 17.6(17.8) Axes
   Level 4.7(12.7) Maces & Flails
 - Level 10.0 Armour
 - Level 3.0 Dodging
 - Level 0.1 Stealth


You had 13 spell levels left.
You didn't know any spells.
Your spell library was empty.

Dungeon Overview and Level Annotations

Branches:
Dungeon (12/15)            Temple (0/1) D:4            Lair (4/6) D:11
 Shoals (0/4) Lair:3        Snake (0/4) Lair:4          Orc (2/2) D:11
    Elf (0/3) Orc:2         Sewer (visited)

Altars:
Fedhas
Hepliaklqana
Makhleb
Nemelex Xobeh
Ru
Xom
The Shining One
Beogh

Shops:
D:4 ::?   Orc:2 *:}*?

Annotations:
D:4 1 runed translucent door
D:7 2 runed translucent doors
Lair:4 Sonja


Innate Abilities, Weirdness & Mutations

You reflexively headbutt those who attack you in melee.
You have a pair of horns on your head.


Message History

The tengu reaver casts a spell at you. The bolt of magma hits you!!
You partially resist.
* * * LOW HITPOINT WARNING * * *
The rakshasa hits you but does no damage.
You feel much better.
The worldbinder calls forth creatures from the Orcish Mines!
The thorn hunter fires a volley of thorns at you.
The volley of thorns hits you!!
* * * LOW HITPOINT WARNING * * *
A naga opens the door.
A deep elf sorcerer and a satyr come into view.
The deep elf sorcerer is wielding a +0 dagger of holy wrath.
You feel better.
The satyr shouts!
The satyr unwields a +4 quarterstaff.
The satyr wields a +0 longbow.
The satyr shoots an arrow.
The arrow hits you!!
* * * LOW HITPOINT WARNING * * *
The tengu reaver gestures at you while chanting.
The bolt of magma hits you!! You partially resist.
You die... ♣♣♣ PPP

# ♣.♣ ..
#####N♣♣
♣≈..
#...#NR♣≈.♣
+ec.'YRx.≈♣
#@Q♣ #f♣♣


xEm ♣.≈o♣ ≈♣♣♣≈ .. ≈≈ .. .. .. .. You could see a dire elephant, a thorn hunter,
a tengu reaver, 2 rakshasas, a satyr, a deep elf sorcerer, a water elemental, a
water nymph, 2 worldbinders, 2 nagas and an orc priest (summoned).

Vanquished Creatures
  A tentacled starspawn (Abyss:1)
  An orc warlord (Orc:1)
  Josephine (Orc:2)
  Fannar (D:11)
  Erica (Lair:2)
  A two-headed ogre (D:10)
  4 orc high priests (Orc:2)
  A wretched star (Abyss:2)
  Nergalle (Lair:2)
  A glowing orange brain (Abyss:1)
  A flayed ghost (Abyss:1)
  4 orc knights (Orc:1)
  Pikel (D:6)
  An orc sorcerer (Orc:2)
  A cyclops (Orc:2)
  A worldbinder (Abyss:1)
  A frost giant skeleton (Abyss:1)
  A rust devil (Abyss:1)
  A black mamba (Lair:2)
  2 orange demons
  7 spiny frogs
  2 smoke demons (Abyss:1)
  2 gargoyles
  3 komodo dragons
  A rime drake (Lair:1)
  A tormentor (Abyss:2)
  3 ancient zymes
  3 trolls
  Grinder (D:6)
  A polar bear (Lair:3)
  3 merfolk (Lair:3)
  A hornet (D:10)
  The ghost of Ozzies the Skirmisher, an amateur GrFi (D:4)
  5 hippogriffs
  2 raiju
  A redback (shapeshifter) (Abyss:1)
  Sigmund (D:3)
  16 starcursed masses (Abyss:1)
  23 yaks
  2 wyverns
  2 hungry ghosts
  2 basilisks
  5 wraiths (Orc:2)
  4 ynoxinuls
  A human (D:7)
  A chaos spawn (Abyss:1)
  3 hogs (D:7)
  A vampire mosquito (D:7)
  Menkaure (D:6)
  11 small abominations
  Edmund (D:5)
  6 wargs (Orc:2)
  A naga (Lair:4)
  A hell hound (Abyss:2)
  8 water moccasins
  6 large abominations
  4 porcupines
  5 sky beasts
  23 orc warriors
  A black bear (D:9)
  2 ice beasts
  4 slaves (D:6)
  4 phantoms
  6 necrophages
  8 ogres
  4 centaurs
  8 crocodiles
  6 big kobolds
  11 bullfrogs
  2 wyvern zombies
  4 scorpions
  5 killer bees (D:10)
  4 howler monkeys
  4 wights (D:9)
  2 electric eels (D:9)
  4 crimson imps
  5 bullfrog zombies
  2 bullfrog skeletons
  3 jellies
  32 orc priests
  3 hounds
  20 orc wizards
  6 centaur skeletons
  11 worker ants
  A hound zombie (D:10)
  A hound skeleton (D:7)
  Robin (D:3)
  2 howler monkey zombies
  A worker ant zombie (D:9)
  9 gnolls
  15 adders
  A howler monkey skeleton (D:8)
  8 river rats
  2 shadow imps
  An ufetubus (Abyss:1)
  An ooze (D:1)
  2 adder zombies (D:9)
  2 adder skeletons (D:7)
  4 worms
  3 dart slugs
  6 leopard geckos
  88 orcs
  5 ball pythons
  14 giant cockroaches
  18 goblins
  18 hobgoblins
  7 jackals
  31 kobolds
  10 quokkas
  6 bats
  8 frilled lizards
  2 leopard gecko skeletons
  A leopard gecko zombie (D:9)
  A quokka skeleton (D:6)
  28 rats
  4 bushes (D:10)
  6 plants
660 creatures vanquished.

Vanquished Creatures (collateral kills)
  An orc high priest (Orc:2)
  An orc knight (Orc:1)
  2 orc warriors
  6 starcursed masses (Abyss:1)
  A small abomination (Abyss:1)
  3 orc wizards (Orc:2)
  7 orc priests (Orc:2)
  2 orcs (Orc:2)
23 creatures vanquished.

Vanquished Creatures (others)
  A fungus (Lair:2)
  A lurking horror (Abyss:1)
  2 plants
  2 starspawn tentacles (Abyss:1)
6 creatures vanquished.

Grand Total: 689 creatures vanquished

Notes
Turn   | Place    | Note
-------+----------+-------------------------------------------
     0 | D:1      | Ozzies the Minotaur Berserker began the quest for the Orb.
     0 | D:1      | Reached XP level 1. HP: 19/19 MP: 0/0
   209 | D:1      | Reached skill level 4 in Fighting
   209 | D:1      | Reached XP level 2. HP: 27/27 MP: 1/1
   445 | D:1      | Reached XP level 3. HP: 34/34 MP: 2/2
   502 | D:1      | Reached skill level 5 in Fighting
   646 | D:1      | Reached ** piety under Trog
   978 | D:2      | Found a burning altar of Makhleb.
  1476 | D:2      | Reached XP level 4. HP: 42/42 MP: 3/3
  1796 | D:3      | Reached skill level 6 in Fighting
  1869 | D:3      | Noticed Robin
  1885 | D:3      | Killed Robin
  2020 | D:3      | Noticed Sigmund
  2029 | D:3      | Killed Sigmund
  2029 | D:3      | Reached *** piety under Trog
  2029 | D:3      | Reached skill level 7 in Fighting
  2029 | D:3      | Reached skill level 8 in Fighting
  2029 | D:3      | Reached XP level 5. HP: 53/53 MP: 4/4
  2029 | D:3      | Reached XP level 6. HP: 61/61 MP: 5/5
  2054 | D:3      | Reached skill level 1 in Maces & Flails
  2275 | D:3      | Found a sparkling altar of Nemelex Xobeh.
  3093 | D:3      | Noticed a sky beast
  3103 | D:3      | Killed a sky beast
  3461 | D:4      | Found Siaz's Magic Scroll Shop.
  3464 | D:4      | Found a staircase to the Ecumenical Temple.
  3466 | D:4      | Bought a scroll of enchant weapon for 90 gold pieces
  3466 | D:4      | Bought a scroll of identify for 24 gold pieces
  3474 | D:4      | Found Xefa's Book Shop.
  3714 | D:4      | Reached XP level 7. HP: 68/68 MP: 6/6
  3715 | D:4      | Found a runed translucent door.
  3724 | D:4      | Noticed Ozzies's ghost (amateur GrFi)
  3835 | D:4      | Killed Ozzies's ghost
  3836 | D:4      | Reached **** piety under Trog
  3840 | D:4      | Found a runed translucent door.
  4141 | D:4      | Found Usodoih's Book Boutique.
  4655 | D:5      | Entered Level 5 of the Dungeon
  4717 | D:5      | Found a sacrificial altar of Ru.
  4746 | D:5      | Found a glowing drain.
  4758 | Sewer    | Entered a sewer
  4977 | Sewer    | Reached skill level 5 in Axes
  5135 | Sewer    | Reached XP level 8. HP: 71/77 MP: 7/7
  5314 | Sewer    | Reached ***** piety under Trog
  5314 | Sewer    | Reached skill level 9 in Fighting
  6078 | D:5      | Noticed Edmund
  6084 | D:5      | Killed Edmund
  6511 | D:6      | Noticed Menkaure
  6512 | D:6      | Noticed Grinder
  6719 | D:6      | Killed Menkaure
  6719 | D:6      | Reached skill level 10 in Fighting
  6719 | D:6      | Reached skill level 5 in Armour
  6721 | D:6      | Killed Grinder
  6903 | D:6      | Reached XP level 9. HP: 59/86 MP: 8/8
  7040 | D:6      | Noticed Pikel
  7050 | D:6      | Killed Pikel
  7050 | D:6      | Reached skill level 11 in Fighting
  8340 | D:7      | Found a large runed translucent door.
  8340 | D:7      | Found a large runed translucent door.
  8355 | D:7      | Found a large runed translucent door.
  8355 | D:7      | Found a large runed translucent door.
  8647 | D:7      | Found a hazy altar of Hepliaklqana.
  8729 | D:7      | Reached skill level 12 in Fighting
  8736 | D:7      | Reached XP level 10. HP: 76/97 MP: 9/9
  8938 | D:7      | Got a smoking plate armour
  8949 | D:7      | Identified the +8 plate armour of Elyvilon's Whim {rC+++
                  | Int-3 Dex+5 Stlth+} (You found it on level 7 of the
                  | Dungeon)
  9210 | D:8      | Found a shimmering altar of Xom.
  9266 | D:8      | Reached skill level 10 in Axes
  9505 | D:8      | Found a glowing golden altar of the Shining One.
  9895 | D:8      | You fall into a shaft and drop 3 floors!
  9935 | D:11     | Noticed Fannar
  9963 | D:11     | Killed Fannar
 10049 | D:11     | Reached skill level 13 in Fighting
 10364 | D:11     | Found a staircase to the Orcish Mines.
 10401 | D:11     | Found a staircase to the Lair.
 10789 | D:11     | You fall into a shaft and drop 1 floor!
 10875 | D:12     | Noticed a gargoyle
 10884 | D:12     | Reached XP level 11. HP: 104/108 MP: 10/10
 11072 | D:12     | Noticed a white ugly thing
 11484 | D:10     | Entered Level 10 of the Dungeon
 11491 | D:10     | Received a gift from Trog
 11495 | D:10     | Reached skill level 14 in Fighting
 11569 | D:10     | Got a brightly glowing battleaxe {god gift}
 11570 | D:10     | Identified the +3 battleaxe "Death Rattle" {antimagic,
                  | rElec Str+3} (Trog gifted it to you on level 10 of the
                  | Dungeon)
 12315 | D:10     | Found a blossoming altar of Fedhas.
 12355 | D:10     | Noticed a two-headed ogre
 12361 | D:10     | Killed a two-headed ogre
 12785 | D:9      | Reached ****** piety under Trog
 12791 | D:9      | Received a gift from Trog
 12858 | D:9      | Got a fading battleaxe {god gift}
 12858 | D:9      | Identified the +2 battleaxe "Zyeza" {flame, MR+++} (Trog
                  | gifted it to you on level 9 of the Dungeon)
 13945 | Orc:1    | Entered Level 1 of the Orcish Mines
 13948 | Orc:1    | Noticed an orc knight
 13965 | Orc:1    | Killed an orc knight
 14152 | Orc:2    | Entered Level 2 of the Orcish Mines
 14174 | Orc:1    | Noticed an orc knight
 14176 | Orc:1    | Noticed an orc knight
 14177 | Orc:1    | Noticed an orc knight
 14220 | Orc:2    | Reached XP level 12. HP: 101/117 MP: 11/11
 14230 | Orc:2    | Noticed an orc high priest
 14235 | Orc:2    | Killed an orc high priest
 14263 | Orc:1    | Noticed an orc warlord
 14270 | Orc:1    | Reached skill level 10 in Armour
 14483 | Orc:1    | Killed an orc warlord
 14483 | Orc:1    | Reached skill level 15 in Fighting
 14483 | Orc:1    | Reached skill level 15 in Axes
 14507 | Orc:1    | Received a gift from Trog
 14514 | Orc:1    | You fall into a shaft and drop 1 floor!
 14514 | Orc:2    | Found a staircase to the Elven Halls.
 14763 | Orc:1    | Found a roughly hewn altar of Beogh.
 15020 | Orc:2    | Noticed an orc high priest
 15023 | Orc:2    | Killed an orc high priest
 15179 | Orc:2    | Found Zaqe's General Store.
 15179 | Orc:2    | Found Pelacu Qoza's Gadget Shop.
 15228 | Orc:2    | Found Huttuz Ifei's Magic Scroll Shop.
 15236 | Orc:2    | Noticed Josephine
 15246 | Orc:2    | Killed Josephine
 15258 | Orc:2    | Reached skill level 16 in Fighting
 15471 | Orc:2    | Noticed an orc high priest
 15476 | Orc:2    | Killed an orc high priest
 15480 | Orc:2    | Found a roughly hewn altar of Beogh.
 15811 | Orc:2    | Found Peurot's General Store.
 15811 | Orc:2    | Noticed an orc high priest
 15817 | Orc:2    | Killed an orc high priest
 15961 | Orc:2    | Found Moqef's Book Shoppe.
 15961 | Orc:2    | Noticed an orc high priest
 15965 | Orc:2    | Killed an orc high priest
 15995 | Orc:2    | Bought a scroll of brand weapon for 280 gold pieces
 16058 | Lair:1   | Entered Level 1 of the Lair of Beasts
 16206 | Lair:1   | Reached XP level 13. HP: 126/130 MP: 12/12
 16333 | Lair:1   | You fall into a shaft and drop 1 floor!
 16368 | Lair:2   | Noticed Erica
 16376 | Lair:2   | Killed Erica
 16778 | Lair:1   | Received a gift from Trog
 17292 | Lair:2   | Reached skill level 17 in Fighting
 17343 | Lair:2   | Noticed Nergalle
 17354 | Lair:2   | Killed Nergalle
 18139 | Lair:3   | Found a staircase to the Shoals.
 18903 | Lair:4   | Found a staircase to the Snake Pit.
 18987 | Lair:4   | Noticed Sonja
 18997 | Lair:4   | Cast into level 1 of the Abyss (Sonja)
 19089 | Abyss:1  | Found a corrupted altar of Lugonu.
 19182 | Abyss:1  | Reached skill level 18 in Fighting
 19207 | Abyss:1  | Noticed a starcursed mass
 19399 | Abyss:1  | Noticed a tentacled starspawn
 19412 | Abyss:1  | Killed a tentacled starspawn
 19664 | Abyss:1  | Noticed a starcursed mass
 19740 | Abyss:1  | Received a gift from Trog
 19762 | Abyss:1  | Noticed a bone dragon
 19777 | Abyss:1  | Noticed a starcursed mass
 19784 | Abyss:1  | Paralysed by accursed screaming for 1 turns
 19809 | Abyss:1  | Noticed a bone dragon
 19981 | Abyss:2  | Reached XP level 14. HP: 86/144 MP: 13/13
 20160 | Abyss:2  | Noticed a bone dragon
 20231 | Abyss:3  | Reached skill level 19 in Fighting
 20387 | Abyss:3  | Noticed a tengu reaver
 20387 | Abyss:3  | Noticed a thorn hunter
 20397 | Abyss:3  | Noticed a deep elf sorcerer
 20397 | Abyss:3  | HP: 6/146 [satyr/arrow (32)]
 20397 | Abyss:3  | Killed from afar by a tengu reaver

Illustrated notes

Levels and vault maps discovered:
D:1:      nicolae_arrival_memento_mori, layout_loops_ring
D:2:      minmay_roachtagon, layout_loops_corners, bloody_makhleb,
          serial_bayou_pond_c
D:3:      layout_basic, nemelex_altar_shiori, uniq_sigmund, uniq_robin
D:4:      layout_loops_ring, minmay_temple_entry_purple_smoke,
          ebering_ghost_sewer_f, serial_shops, shop, shop, shop,
          minmay_misc_feat_cross
D:5:      layout_loops_ring, cheibrodos_sewer_entry_drain, basic_altar,
          first_ration, uniq_edmund
D:6:      layout_layer_cave, chequers_ossuary_entry_cave,
          minmay_misc_feat_rugged, uniq_pikel, uniq_menkaure, uniq_grinder
D:7:      layout_loops_ring, nicolae_overflow_crystal_walls, grunt_livestock,
          minmay_hollow_rounded_squares
D:8:      layout_basic, lemuel_doored_altar, basic_altar
D:9:      layout_basic, serial_undead, serial_undead_e, serial_undead_d,
          serial_undead_d, serial_undead_c, serial_undead_c
D:10:     layout_rooms, special_room [special_room_orc],
          fedhas_altar_decomposition
D:11:     layout_basic, lair_entry_dummy, orc_0_dummy, uniq_fannar
D:12:     kennysheep_four_of_diamonds, layout_cave_pools
Lair:1:   layout_long_grid, wad_woods_road_05
Lair:2:   layout_concentric_octagons, uniq_erica, uniq_nergalle
Lair:3:   layout_regular_city, elwin_shoals_entry_rooms,
          eino_small_chamber_without_monster
Lair:4:   layout_layer_cave, guppyfry_snake_entry_island, grunt_megastairs_3,
          uniq_sonja
Orc:1:    layout_diamond_mine, special_room [special_room_orc]
Orc:2:    st_orc_town, layout_caves, serial_shops, shop, uniq_josephine
Abyss:3:  base: D:1, evilmike_abyss_rune_ettins,
          grunt_abyss_rune_forest_and_sorcery

Skill      XL: |  1  2  3  4  5  6  7  8  9 10 11 12 13 14 |
---------------+-------------------------------------------+-----
Fighting       | 4 5 8 10 12 13 14 16 18 19 | 19.0
Maces & Flails | 3 4 |  4.7
Armour         | 3 4 5 7 8 9 10 | 10.0
Dodging        | 3 |  3.0
Axes           | 5 7 9 11 14 16 17 | 17.6
Stealth        | |  0.1

Action                   |  1- 3 |  4- 6 |  7- 9 | 10-12 | 13-15 || total
-------------------------+-------+-------+-------+-------+-------++-------
Melee: Hand axe          |    90 |    56 |   120 |   232 |       ||   498
       Headbutt          |    16 |    10 |    38 |   160 |    88 ||   312
       Scythe            |       |    61 |   122 |       |       ||   183
       Battleaxe         |       |       |       |   407 |   335 ||   742
Invok: Berserk           |       |     2 |     4 |     6 |       ||    12
       Brothers in Arms  |       |       |       |     2 |     2 ||     4
  Use: Scroll            |       |     5 |     2 |    17 |     2 ||    26
       Potion            |       |       |       |     1 |    13 ||    14
 Stab: Sleeping          |     7 |     9 |       |       |       ||    16
  Eat: Chunk             |     1 |    10 |     9 |    13 |    10 ||    43
       Ration            |       |       |     4 |     5 |     2 ||    11
Armor: Animal skin       |    20 |    27 |     3 |       |       ||    50
       Chain mail        |       |       |   113 |       |       ||   113
       Plate armour      |       |       |    26 |   301 |   183 ||   510
Dodge: Dodged            |    74 |    79 |   150 |   190 |   101 ||   594
Block: Other             |       |       |       |    86 |    65 ||   151
       Reflection        |       |       |       |     3 |     2 ||     5

Table legend:
 A = Non-vault XP
 B = Vault XP
 C = Vault XP percentage of total XP
 D = Non-vault monster count
 E = Vault monster count
 F = Vault count percentage of total count
                 A         B        C        D         E       F
            +---------+---------+-------+---------+---------+-------
      Total |   45556 |   22613 |  33.2 |     438 |     231 |  34.5
            +---------+---------+-------+---------+---------+-------
        D:1 |      69 |       0 |   0.0 |      31 |       0 |   0.0
        D:2 |      24 |      20 |  45.5 |      12 |      10 |  45.5
        D:3 |     339 |     256 |  43.0 |      38 |      13 |  25.5
        D:4 |     105 |     272 |  72.1 |      10 |       5 |  33.3
        D:5 |     487 |     172 |  26.1 |      16 |       3 |  15.8
        D:6 |     384 |    1110 |  74.3 |      13 |       3 |  18.8
        D:7 |     615 |    2027 |  76.7 |      12 |      19 |  61.3
        D:8 |     879 |       0 |   0.0 |      16 |       0 |   0.0
        D:9 |    2971 |     397 |  11.8 |      41 |       7 |  14.6
       D:10 |    3624 |     810 |  18.3 |      43 |      32 |  42.7
       D:11 |    2660 |    1012 |  27.6 |      32 |       1 |   3.0
       D:12 |    1100 |       0 |   0.0 |       6 |       0 |   0.0
     Lair:1 |    2943 |       0 |   0.0 |      12 |       0 |   0.0
     Lair:2 |    2755 |    1735 |  38.6 |      11 |       2 |  15.4
     Lair:3 |    4907 |     891 |  15.4 |      24 |       3 |  11.1
     Lair:4 |    1188 |     584 |  33.0 |       7 |       3 |  30.0
      Orc:1 |    1588 |    5240 |  76.7 |      23 |      25 |  52.1
      Orc:2 |    2301 |    7608 |  76.8 |      24 |      57 |  70.4
    Abyss:1 |   11772 |       0 |   0.0 |      49 |       0 |   0.0
    Abyss:2 |    3036 |       0 |   0.0 |      12 |       0 |   0.0
    Abyss:3 |    1809 |       0 |   0.0 |       6 |       0 |   0.0
      Sewer |       0 |     479 | 100.0 |       0 |      48 | 100.0
            +---------+---------+-------+---------+---------+-------
